 Dungeon Crawl Stone Soup version 0.17-a0-2109-g117576f (webtiles) character file.

79 Duffy the Shield-Bearer (level 4, -7/35 HPs)
             Began as a Formicid Fighter on Oct 19, 2015.
             Killed by divine providence
             ... invoked by an orc priest
              (10 damage)
             ... on level 3 of the Dungeon.
             The game lasted 00:02:10 (2014 turns).

Duffy the Shield-Bearer (Formicid Fighter)          Turns: 2014, Time: 00:02:10

Health: -7/35      AC:  9    Str: 22    XL:     4   Next: 64%
Magic:  4/4        EV:  6    Int:  7    God:
Gold:   81         SH: 10    Dex: 10    Spells: 0 memorised, 3 levels left

rFire  . . .     SeeInvis +     a - +0 war axe
rCold  . . .     Clarity  .     h - +0 chain mail
rNeg   . . .     SustAt   +     c - +0 shield
rPois  .         Gourm    .     (helmet unavailable)
rElec  .         Spirit   .     (no cloak)
rCorr  .         Warding  .     (no gloves)
rMut   .         Stasis   +     (no boots)
MR     .....                    x - amulet of faith
Stlth  ..........               (no ring)
                                j - ring of sustain attributes

@: not resistant to hostile enchantments, extremely unstealthy
A: permanent stasis, dig shafts and tunnels, four strong arms, antennae 3
a: Dig, Shaft Self


You were on level 3 of the Dungeon.
You were not hungry.

You visited 1 branch of the dungeon, and saw 3 of its levels.

You collected 81 gold pieces.


Innate Abilities, Weirdness & Mutations

You are under a permanent stasis effect.
You can dig through walls and to a lower floor.
Your four strong arms can wield two-handed weapons with a shield.
You have a pair of large antennae on your head (SInv).


   Skills:
 - Level 3.2 Fighting
 - Level 2.0 Axes
 - Level 3.2 Armour
 + Level 6.1 Shields


You had 3 spell levels left.
You didn't know any spells.

Inventory:

Hand Weapons
 a - a +0 war axe (weapon)
Missiles
 p - 25 stones (quivered)
Armour
 c - a +0 shield (worn)
 h - a +0 chain mail (worn)
Jewellery
 j - a ring of sustain attributes (left hand)
 u - an uncursed ring of ice
 v - an uncursed ring of wizardry
 x - an amulet of faith (around neck)
Scrolls
 b - a scroll of noise {unknown}
 f - 3 scrolls of remove curse {unknown}
 g - a scroll of enchant weapon {unknown}
 l - 2 scrolls of amnesia {unknown}
 s - 3 scrolls of teleportation {unknown}
 y - a scroll of recharging {unknown}
 A - a scroll of random uselessness {unknown}
 B - a scroll of blinking {unknown}
Potions
 d - a potion of might
 i - a potion of degeneration {unknown}
 k - 2 potions of curing {unknown}
 m - a potion of cancellation {unknown}
 q - a potion of flight {unknown}
 r - a potion of invisibility {unknown}
 t - a potion of heal wounds {unknown}
 z - a potion of poison {unknown}
Comestibles
 e - 2 bread rations
 n - a meat ration
 o - 3 fruits
 w - a royal jelly
 C - a chunk of flesh

Dungeon Overview and Level Annotations

Branches:
Dungeon (3/15)

Altars:


Message History

You dig through the rock wall.
You dig through the rock wall.
You slash the orc!
You kill the orc!
You swing at nothing.
The orc priest miscasts a cantrip.
You closely miss the orc priest.
The orc priest looks braver for a moment.
Your shield and chain mail prevent you from hitting the orc priest.
The orc priest invokes the aid of Beogh against you.
Pain shoots through your body!
You barely miss the orc priest.
The orc priest calls down the wrath of Beogh upon you.
Pain shoots through your body! You block the orc priest's attack.
You slash the orc priest!
The orc priest is severely wounded.
You block the orc priest's attack.
You barely miss the orc priest.
The orc priest is severely wounded.
The orc priest barely misses you.
You closely miss the orc priest.
The orc priest is severely wounded.
The orc priest barely misses you.
You hit the orc priest.
The orc priest is almost dead.
You block the orc priest's attack. x2
Your shield and chain mail prevent you from hitting the orc priest.
The orc priest is almost dead.
The orc priest calls down the wrath of Beogh upon you.
Something smites you!
Your shield and chain mail prevent you from hitting the orc priest.
The orc priest is almost dead.
The orc priest mumbles some strange prayers to Beogh against you.
Something smites you!
You die...

#..### #..... #.##.##
#...oo { #.##.# #o##o#
# ###{##o##.#
#@#{{.....# #####
##o###.#######....
.......## #.....#.+....
..####.####.###...#....
{ .........###.#######
.##.####.#.......... #.
#.#.#.###..#. ..
#.#.#.# #.... ..
#.....# ##.<#


You could see an orc priest.

Action                   |  1- 3 |  4- 6 || total
-------------------------+-------+-------++-------
Melee: War axe           |    88 |    86 ||   174
 Abil: Dig               |       |     3 ||     3
  Eat: Chunk             |     1 |     3 ||     4

Notes
Turn   | Place    | Note
--------------------------------------------------------------
     0 | D:1      | Duffy the Formicid Fighter began the quest for the Orb.
     0 | D:1      | Reached XP level 1. HP: 18/18 MP: 1/1
   226 | D:1      | Reached skill level 4 in Shields
   462 | D:1      | Reached XP level 2. HP: 24/24 MP: 2/2
  1024 | D:2      | Reached XP level 3. HP: 29/29 MP: 3/3
  1034 | D:2      | Reached skill level 5 in Shields
  1276 | D:2      | Reached XP level 4. HP: 25/35 MP: 4/4
  1909 | D:3      | Reached skill level 6 in Shields
  2014 | D:3      | Killed from afar by an orc priest

Vault maps used:
D:1:      lightli_arrival_chessboard
D:3:      first_bread, nrook_uturn

Vanquished Creatures
  2 adders
  An ooze
  2 worms
  2 giant geckos
  An orc
  2 bats
  3 giant cockroaches
  10 goblins
  3 hobgoblins
  4 jackals
  4 kobolds
  A quokka
  3 giant newts
  9 rats
47 creatures vanquished.
